Map: King Sejong Station LE

Players

Dozer - Winner!

  • Race: Zerg Zerg
  • League: Platinum

Nickos

  • Race: Terran Terran
  • League: Gold

VOD

Have the link to the VOD?

Description

Time

  • Played on: Sept. 30, 2016, 7:16 a.m.
  • Length: 16:50
Show
View Real Time Build Order
Export as new Build Order

Dozer Zerg - Winner!

Build Orders: Hatch First 

Get SALT Encoding   

  12  0:03  Drone  
  13  0:12  Drone  
  14  0:16  Overlord  
  14  0:27  Drone, Extractor  
  15  0:36  Drone x2  
  17  0:57  Hatchery  
  17  1:02  Drone, Extractor  
  17  1:03  Drone  
  17  1:13  Drone  
  18  1:22  Spawning Pool  
  17  1:33  Drone  
  17  1:34  Drone  
  19  1:54  Drone  
  19  1:55  Drone  
  21  2:01  Drone  
  22  2:09  Queen  
  24  2:16  Metabolic Boost  
  24  2:18  Zergling x4  
  24  2:19  Queen  
  28  2:27  Overlord  
  28  2:39  Baneling Nest  
  28  2:42  Drone  
  28  2:48  Zergling x8  
  32  3:03  Queen  
  34  3:07  Drone x2  
  34  3:08  Overlord  
  36  3:23  Evolution Chamber  
  36  3:24  Drone  
  36  3:28  Drone  
  36  3:29  Drone x3, Overlord  
  36  3:30  Drone  
  39  3:49  Baneling  
  39  3:56  Zergling x2  
  39  3:57  Zergling x8  
  40  4:10  Lair  
  40  4:12  Drone x3  
  40  4:13  Zergling x4  
  40  4:14  Zerg Melee Weapons Level 1  
  45  4:33  Spine Crawler  
  45  4:35  Hatchery  
  45  4:36  Baneling x2  
  45  4:37  Baneling  
  43  4:45  Drone x4  
  47  4:48  Zergling x6, Extractor x2  
  47  4:49  Zergling x8  
  52  5:04  Overlord x2  
  51  5:23  Centrifical Hooks  
  51  5:34  Drone x5  
  51  5:35  Drone x4  
  60  6:00  Extractor  
  60  6:04  Zergling x10  
  61  6:09  Infestation Pit  
  63  6:19  Nydus Network, Spine Crawler  
  61  6:28  Queen  
  61  6:31  Zerg Ground Armor Level 1  
  63  6:33  Drone x5  
  63  6:34  Drone x5  
  63  6:35  Drone  
  63  6:38  Overlord x3  
  73  6:55  Overlord x2  
  73  6:58  Pathogen Glands  
  73  7:03  Hive  
  73  7:07  Pneumatized Carapace  
  73  7:17  Nydus Canal  
  73  7:21  Baneling x2  
  73  7:22  Baneling x2  
  73  8:03  Infestor x3  
  79  8:11  Extractor  
  79  8:12  Extractor  
  77  8:19  Drone x4  
  82  8:20  Drone  
  82  8:21  Zergling x8  
  82  8:23  Adrenal Glands  
  86  8:38  Overlord x3  
  86  8:39  Zergling x6  
  89  8:42  Nydus Canal  
  89  8:53  Infestor  
  91  8:56  Zergling x10  
  91  8:57  Zergling x16  
  81  9:37  Zergling x18  
  81  9:38  Zergling x6  
  91  9:46  Baneling x3  
  91  9:47  Ultralisk Cavern  
  90  9:54  Spine Crawler  
  90  9:55  Spine Crawler  
  90  9:56  Spine Crawler  
  84  10:04  Infestor x3  
  83  10:20  Zergling x10  
  84  10:26  Zerg Melee Weapons Level 2  
  82  10:30  Infestor  
  82  10:34  Drone x4  
  82  10:35  Drone x2  
  59  10:53  Zergling x2  
  59  10:54  Zergling x14  
  61  11:06  Drone x5  
  61  11:07  Drone  
  67  11:13  Chitinous Plating  
  67  11:26  Baneling x4  
  67  11:42  Drone x4  
  67  11:46  Spore Crawler  
  70  11:55  Ultralisk  
  70  11:56  Ultralisk  
  70  11:57  Ultralisk  
  70  11:58  Zergling x14  
  70  11:59  Zergling x2  
  86  12:19  Queen  
  80  12:39  Queen  
  80  12:41  Queen  
  84  12:52  Spine Crawler  
  84  12:54  Drone x6  
  84  12:55  Drone x3  
  92  13:03  Zergling x14  
  92  13:04  Zergling x2  
  100  13:08  Zerg Ground Armor Level 2  
  100  13:09  Hatchery  
  99  13:16  Infestor x2  
  99  13:17  Zergling x2  
  104  13:33  Overseer  
  104  13:35  Infestor x2  
  104  13:37  Zergling x4  
  110  13:42  Ultralisk x2  
  110  13:44  Overlord  
  122  13:53  Spire  
  122  13:54  Drone  
  103  14:23  Zergling x8  
  103  14:24  Zergling x14  
  97  14:47  Queen  
  99  15:04  Drone x7  
  99  15:05  Drone  
  107  15:20  Baneling x2  
  107  15:21  Baneling x2  
  107  15:27  Corruptor  
  107  15:28  Corruptor x4  
  106  15:31  Drone  
  106  15:32  Drone x5  
  106  15:33  Zergling x2  
  121  15:39  Extractor  
  120  15:50  Spore Crawler, Spine Crawler x2  
  117  16:03  Zergling x12, Corruptor  
  117  16:04  Corruptor  
  126  16:17  Corruptor  
  126  16:18  Zergling x2  
  126  16:19  Zergling x2  
  126  16:20  Overlord x6  
Show
View Real Time Build Order
Export as new Build Order

Nickos Terran 

Build Orders: MMM Bio 

Get SALT Encoding   

  12  0:00  SCV  
  13  0:13  SCV  
  14  0:17  Supply Depot  
  14  0:25  SCV  
  15  0:38  SCV  
  15  0:40  Barracks  
  16  0:50  SCV  
  17  1:03  SCV  
  18  1:15  SCV  
  19  1:20  Command Center  
  19  1:29  Marine  
  20  1:39  Orbital Command  
  20  1:41  Supply Depot  
  20  1:48  Marine  
  21  1:55  Barracks  
  21  2:05  SCV  
  21  2:06  Marine  
  23  2:12  Barracks  
  23  2:17  SCV  
  23  2:21  Refinery  
  24  2:27  Marine  
  24  2:29  SCV  
  26  2:32  Refinery  
  26  2:40  Orbital Command  
  26  2:50  Bunker, SCV  
  27  2:51  Marine  
  27  2:53  Marine  
  29  3:02  SCV  
  29  3:04  Barracks Tech Lab  
  31  3:12  SCV  
  31  3:14  SCV  
  31  3:15  Supply Depot  
  32  3:20  Barracks Reactor  
  32  3:22  Barracks Reactor  
  32  3:25  SCV  
  32  3:26  SCV  
  34  3:33  Supply Depot  
  34  3:37  SCV  
  34  3:38  SCV  
  34  3:41  Stimpack  
  27  4:13  Marine  
  27  4:14  Marine x4  
  32  4:22  SCV x2  
  33  4:30  Supply Depot  
  33  4:31  Marine  
  33  4:34  SCV x2  
  33  4:35  Supply Depot  
  33  4:37  Supply Depot  
  36  4:39  Supply Depot  
  36  4:46  SCV  
  36  4:50  Marauder  
  39  4:53  Marine  
  39  4:54  Marine  
  41  5:01  Bunker  
  41  5:06  Supply Depot  
  41  5:16  Supply Depot  
  41  5:18  SCV  
  41  5:20  Marine, SCV  
  44  5:22  Marine  
  45  5:29  Marine x3  
  45  5:33  SCV x2  
  50  5:45  Marine x2  
  50  5:47  Marine x2  
  53  5:51  Marine  
  53  5:54  Bunker  
  53  5:55  SCV x2  
  53  5:56  Combat Shields  
  56  5:57  Factory  
  56  6:05  Marine x3  
  56  6:06  Marine  
  56  6:07  SCV x2  
  62  6:19  SCV x2  
  64  6:28  Marine x3  
  64  6:29  Marauder  
  64  6:30  Marine  
  64  6:31  SCV x2  
  71  7:01  Marine x4  
  72  7:03  Factory Reactor  
  72  7:05  Starport  
  75  7:15  Marine  
  76  7:25  Command Center  
  76  7:46  Engineering Bay  
  76  7:47  Engineering Bay  
  76  7:51  SCV  
  76  7:52  SCV  
  76  7:53  Liberator x2  
  78  8:00  Marine  
  78  8:01  Marine x3  
  78  8:04  SCV  
  83  8:06  Barracks  
  83  8:11  Marine  
  90  8:14  Terran Infantry Weapons Level 1  
  90  8:15  Terran Infantry Armor Level 1  
  90  8:18  Marine x2  
  90  8:19  Marine x2  
  94  8:23  Barracks  
  94  8:35  Marauder  
  95  9:13  Marine x5  
  81  9:30  Marine  
  81  9:31  Marine x4  
  75  9:37  Medivac x2  
  78  9:48  Marine x2  
  78  9:49  Marine x3  
  81  10:07  Medivac x2, Marauder  
  81  10:12  Marine x2  
  81  10:13  Marine x2  
  60  10:29  Marauder  
  60  10:30  Marine x3  
  60  10:31  Marine  
  50  10:48  Marine x4  
  49  10:50  Marine  
  49  10:53  Medivac  
  49  10:54  Medivac  
  47  11:03  SCV x2  
  45  11:05  Marine  
  45  11:06  Marine x3  
  49  11:12  Barracks x2  
  49  11:15  SCV  
  49  11:16  SCV  
  51  11:23  Medivac x2  
  51  11:24  Marine x2  
  51  11:25  Marine x3  
  60  11:33  Supply Depot  
  60  11:41  Planetary Fortress  
  60  11:43  Marauder  
  62  11:47  Marine x3  
  62  11:48  Marine  
  66  11:55  SCV  
  66  11:56  Supply Depot  
  67  12:05  Marauder  
  67  12:14  Marine x3  
  67  12:15  Marine  
  69  12:26  Marauder  
  67  12:33  Marine x3  
  67  12:34  Marine  
  67  12:35  Medivac x2  
  75  12:48  Marauder  
  75  12:51  Marine x4  
  80  13:05  Medivac x2  
  84  13:08  Marine  
  84  13:09  Marine  
  84  13:12  SCV x3  
  89  13:22  Marine  
  89  13:23  Marine x2  
  89  13:26  Marine x2  
  94  13:28  Liberator x2, SCV  
  95  13:40  Marine x2  
  95  13:41  Marine  
  98  13:44  Marine  
  105  13:52  Marine  
  106  13:58  Marine x2  
  100  14:20  Marine x4  
  100  14:21  Marine  
  62  14:33  Liberator  
  62  14:38  Marine x4  
  60  14:39  Marine  
  64  14:52  Liberator  
  67  14:55  Marine, SCV x3  
  67  14:56  Marine  
  68  15:07  Marine x2  
  68  15:08  Marauder  
  68  15:13  Marine  
  68  15:14  Marine  
  77  15:18  SCV  
  77  15:19  SCV x2  
  80  15:25  Marine  
  81  15:29  Marauder  
  81  15:31  SCV  
  81  15:34  Barracks Tech Lab  
  81  15:35  Marine x4  
  86  15:36  SCV x2  
  90  15:43  SCV  
  90  15:48  SCV  
  87  16:09  Marine x3  
  87  16:10  Marine x2  
  87  16:11  Marine x2  
Tags
 
Add a new tag
Caveats
  • Supply blocks, unpowered buildings, or Contaminate may cause inaccurate times.
  • Supply counts are checked every 10 seconds.